 Dungeon Crawl Stone Soup version 0.27.0-1-g7a089689b8 (webtiles) character file.

Game seed: 7747182656370849624

11469 karkarkar the Cleaver (level 11, 0/97 HPs)
             Began as a Minotaur Berserker on Aug 4, 2021.
             Was a High Priest of Trog.
             Slain by a two-headed ogre (5 damage)
             ... on level 10 of the Dungeon on Aug 5, 2021.
             The game lasted 00:34:50 (10336 turns).

karkarkar the Cleaver (Minotaur Berserker)         Turns: 10336, Time: 00:34:50

Health: 0/97       AC: 19    Str: 22    XL:     11   Next: 49%
Magic:  10/10      EV: 13    Int:  4    God:    Trog [*****.]
Gold:   185        SH:  0    Dex: 13    Spells: 10/10 levels left

rFire    . . .     SeeInvis .   b - +1 broad axe (venom)
rCold    . . .     Faith    .   (no shield)
rNeg     . . .     Spirit   .   i - +0 plate armour
rPois    .         Reflect  .   e - +1 hat {Will+}
rElec    .         Harm     .   y - +1 cloak
rCorr    .         Rampage  .   (no gloves)
Will     +++..                  q - +0 pair of boots
Stlth    ..........             (no amulet)
HPRegen  1.26/turn              k - +4 ring of evasion
MPRegen  0.12/turn              (no ring)

@: strong-willed, regenerating
A: horns 2, retaliatory headbutt
a: Renounce Religion, Berserk, Trog's Hand, Brothers in Arms


You were on level 10 of the Dungeon.
You worshipped Trog.
Trog was extremely pleased with you.
You visited 1 branch of the dungeon, and saw 10 of its levels.

You collected 482 gold pieces.
You spent 297 gold pieces at shops.

Inventory:

Hand Weapons
 a - the +8 hunting sling of the Crushing Butterfly {vorpal, Int+3 Stlth+}
   (You found it on level 6 of the Dungeon)

   Any ammunition fired from it inflicts extra damage upon your enemies.
   Int:       It affects your intelligence (+3).
   Stlth:     It makes you more stealthy.
 b - a +1 broad axe of venom (weapon)
 r - a +0 falchion of flaming
 u - a +2 flail of holy wrath
Missiles
 f - a throwing net
 p - 189 stones
 x - 65 sling bullets
Armour
 e - a +1 hat of willpower (worn)
 i - a +0 plate armour (worn)
 q - a +0 pair of boots (worn)
 y - a +1 cloak (worn)
Jewellery
 k - a +4 ring of evasion (left hand)
Wands
 g - a wand of iceblast (16) (quivered)
 m - a wand of digging (8)
 o - a wand of mindburst (29)
 z - a wand of paralysis (8)
 B - a wand of flame (9)
Scrolls
 h - 2 scrolls of noise
 j - 3 scrolls of identify
 t - 3 scrolls of teleportation
 w - a scroll of blinking
 A - 3 scrolls of enchant armour
 C - a scroll of summoning {unknown}
Potions
 c - a potion of resistance {unknown}
 d - 2 potions of curing
 l - 2 potions of brilliance {unknown}
 n - 2 potions of might
 s - 4 potions of mutation
 v - a potion of magic {unknown}
 D - a potion of experience {unknown}


   Skills:
 + Level 9.0 Fighting
 + Level 12.4 Axes
 * Level 8.2 Slings
 + Level 10.1 Armour
 * Level 6.4 Dodging
 * Level 5.2 Stealth


You had 10 spell levels left.
You didn't know any spells.
Your spell library was empty.

Dungeon Overview and Level Annotations

Branches:
Dungeon (10/15)            Temple (0/1) D:4            Lair (0/6) D:9
    Orc: D:9-12

Altars:
Cheibriados
Dithmenos
Elyvilon
Gozag
Makhleb
Okawaru
Uskayaw
Xom
Zin
The Shining One

Shops:
D:3 !?[((   D:6 !   D:8 :   D:9 *

Annotations:
D:3 1 runed translucent door, freelancePsychic's ghost, amateur DjWz


Innate Abilities, Weirdness & Mutations

You have a pair of horns on your head.
You reflexively headbutt those who attack you in melee.


Message History

The two-headed ogre hits you but does no damage. x2
You barely miss the two-headed ogre.
The two-headed ogre is almost dead.
You hit the two-headed ogre but do no damage.
The two-headed ogre is poisoned.
The two-headed ogre hits you but does no damage. x2
The two-headed ogre misses you.
The two-headed ogre hits you but does no damage.
You slice the two-headed ogre!!
You kill the two-headed ogre!
Trog accepts your kill.
You hit the two-headed ogre.
The two-headed ogre looks even sicker.
The two-headed ogre hits you but does no damage.
The two-headed ogre closely misses you.
Your Fighting skill increases to level 9!
The two-headed ogre hits you with a +0 giant spiked club.
The two-headed ogre closely misses you.
Things that are here:
a +0 giant club; a +0 giant club; a sling bullet You hit the two-headed ogre but do no damage.
The two-headed ogre looks as sick as possible!
The two-headed ogre is lightly wounded.
You hit the two-headed ogre.
The two-headed ogre looks as sick as possible!
You headbutt the two-headed ogre, but do no damage.
The two-headed ogre is moderately wounded.
The two-headed ogre hits you with a +0 giant spiked club!
The two-headed ogre hits you with a +0 giant club!
* * * LOW HITPOINT WARNING * * *
Your skin crawls.
You feel strong-willed.
The two-headed ogre hits you with a +0 giant spiked club!
* * * LOW HITPOINT WARNING * * *
The two-headed ogre hits you with a +0 giant club.
* * * LOW HITPOINT WARNING * * *
You feel better.
The two-headed ogre hits you with a +0 giant spiked club!!
* * * LOW HITPOINT WARNING * * *
The two-headed ogre hits you with a +0 giant club.
You die...

........#..#.............
>.....#....#...........#
......#..#)).........:.#
.........#..........##
........##...........#
.......##...........##
.......##...........##..
.....#......##..O.......
#....##....#....@####....
......##..#..##### ....
....## ####... ... #. ..
#. #


You could see a two-headed ogre (extremely poisoned).

Vanquished Creatures
  Harold (D:9)
  An ogre mage (D:10)
  2 two-headed ogres (D:10)
  A tengu warrior (D:10)
  Pikel (D:7)
  Maggie (D:6)
  A troll (D:9)
  Grinder (D:4)
  A meliai zombie (D:10)
  16 yaks
  A wyvern (D:10)
  Eustachio (D:4)
  Sigmund (D:2)
  A steam dragon (D:8)
  Edmund (D:4)
  A water moccasin (D:7)
  3 orc warriors
  An ice beast (D:6)
  2 necrophages (D:6)
  A sky beast (D:7)
  A black bear (D:4)
  2 centaurs (D:9)
  5 ogres
  A lemure (D:7)
  3 bullfrogs
  3 kobold brigands
  3 scorpions
  A wyvern zombie (D:6)
  A water moccasin skeleton (D:6)
  14 killer bees
  2 howler monkeys
  A bullfrog zombie (D:7)
  A centaur zombie (D:8)
  8 orc priests
  2 bullfrog skeletons
  A gnoll shaman (D:8)
  2 jellies
  2 hounds
  5 iguanas
  4 orc wizards
  A hound zombie (D:5)
  Robin (D:4)
  12 gnolls
  12 adders
  2 shadow imps
  2 worms
  27 orcs
  9 bats
  4 endoplasms
  A giant cockroach (D:1)
  14 goblins
  18 hobgoblins
  11 jackals (D:1)
  A quokka (D:1)
  8 ball pythons
  2 frilled lizards (D:1)
  21 kobolds
  6 rats
253 creatures vanquished.

Notes
Turn   | Place    | Note
-------+----------+-------------------------------------------
     0 | D:1      | karkarkar the Minotaur Berserker began the quest for the
                  | Orb.
     0 | D:1      | Reached XP level 1. HP: 19/19 MP: 0/0
   249 | D:1      | Reached XP level 2. HP: 27/27 MP: 1/1
   594 | D:1      | Reached skill level 4 in Axes
   682 | D:1      | Found a faded altar of an unknown god.
   691 | D:1      | Reached XP level 3. HP: 33/33 MP: 2/2
   715 | D:1      | Reached ** piety under Trog
  1057 | D:2      | Noticed Sigmund
  1080 | D:2      | Killed Sigmund
  1081 | D:2      | Reached skill level 5 in Axes
  1081 | D:2      | Reached XP level 4. HP: 10/41 MP: 3/3
  1081 | D:2      | Reached XP level 5. HP: 11/47 MP: 4/4
  2260 | D:3      | Found Aklumipp's Antique Weapon Boutique.
  2337 | D:3      | Found Qupliyfe's Antique Weapon Shop.
  2373 | D:3      | Found a white marble altar of Elyvilon.
  2447 | D:3      | Found Asoelynu's Antique Armour Boutique.
  2482 | D:3      | Found Dynavoxi's Magic Scroll Shoppe.
  2494 | D:3      | Bought a scroll of identify for 24 gold pieces
  2499 | D:3      | Found Ibosmit's Distillery.
  2519 | D:3      | Reached XP level 6. HP: 53/53 MP: 5/5
  2547 | D:3      | Reached skill level 5 in Armour
  2554 | D:3      | Found a runed translucent door.
  2758 | D:3      | Noticed freelancePsychic's ghost (amateur DjWz)
  2802 | D:3      | Reached *** piety under Trog
  2934 | D:4      | Reached skill level 6 in Axes
  3018 | D:4      | Found a staircase to the Ecumenical Temple.
  3177 | D:4      | Noticed Robin
  3187 | D:4      | Killed Robin
  3247 | D:4      | Reached skill level 5 in Fighting
  3247 | D:4      | Reached skill level 7 in Axes
  3247 | D:4      | Reached XP level 7. HP: 58/61 MP: 6/6
  3573 | D:4      | Found a snail-covered altar of Cheibriados.
  3573 | D:4      | Noticed Grinder
  3573 | D:4      | Noticed Edmund
  3586 | D:4      | Killed Edmund
  3589 | D:4      | Killed Grinder
  3590 | D:4      | Reached skill level 8 in Axes
  3698 | D:5      | Entered Level 5 of the Dungeon
  3702 | D:5      | Noticed Eustachio
  3715 | D:4      | Reached XP level 8. HP: 41/70 MP: 7/7
  3721 | D:4      | Reached skill level 1 in Stealth
  4376 | D:4      | Killed Eustachio
  4377 | D:4      | Reached skill level 9 in Axes
  4800 | D:5      | Found an iron altar of Okawaru.
  4914 | D:3      | Bought a glowing broad axe for 147 gold pieces
  5034 | D:5      | Found a glowing golden altar of the Shining One.
  5035 | D:5      | Found a shadowy altar of Dithmenos.
  5395 | D:6      | Found Vuunkid's Distillery.
  5432 | D:6      | Reached skill level 10 in Axes
  5680 | D:6      | Reached XP level 9. HP: 52/79 MP: 8/8
  5900 | D:6      | Found a hide-covered altar of Uskayaw.
  6181 | D:6      | Reached skill level 11 in Axes
  6216 | D:6      | Noticed Maggie
  6235 | D:6      | Killed Maggie
  6381 | D:6      | Identified the +8 hunting sling of the Crushing Butterfly
                  | {vorpal, Int+3 Stlth+}
  6713 | D:3      | Bought 3 scrolls of identify for 72 gold pieces
  6848 | D:7      | Noticed Pikel
  6859 | D:7      | Killed Pikel
  6898 | D:7      | Reached **** piety under Trog
  7185 | D:7      | Reached XP level 10. HP: 66/88 MP: 9/9
  8148 | D:8      | Found an opulent altar of Gozag.
  8279 | D:8      | Reached skill level 5 in Slings
  8572 | D:8      | Reached skill level 5 in Dodging
  8574 | D:8      | Reached ***** piety under Trog
  8837 | D:8      | Found Haocaeg's Book Shop.
  8862 | D:8      | Found a glowing silver altar of Zin.
  9046 | D:9      | Identified a scroll of acquirement
  9047 | D:9      | Acquired a +1 hat of willpower
  9322 | D:9      | Found a shimmering altar of Xom.
  9341 | D:9      | Noticed Harold
  9358 | D:9      | Killed Harold
  9448 | D:9      | Found a staircase to the Lair.
  9496 | D:9      | Found a burning altar of Makhleb.
  9742 | D:9      | Reached XP level 11. HP: 70/95 MP: 10/10
  9903 | D:9      | Found Ninuatod's Assorted Antiques.
  9908 | D:9      | Bought a scroll labelled OGUNOKLEOSM for 27 gold pieces
  9908 | D:9      | Bought a scroll labelled FAAXEY ATUCIFO for 27 gold pieces
 10054 | D:10     | Entered Level 10 of the Dungeon
 10184 | D:10     | Noticed a tengu warrior
 10197 | D:10     | Killed a tengu warrior
 10198 | D:10     | Reached skill level 12 in Axes
 10277 | D:10     | Noticed an ogre mage
 10283 | D:10     | Paralysed by an ogre mage for 3 turns
 10291 | D:10     | Killed an ogre mage
 10292 | D:10     | Reached skill level 10 in Armour
 10292 | D:10     | Reached skill level 5 in Stealth
 10292 | D:10     | Noticed a two-headed ogre
 10301 | D:10     | Killed a two-headed ogre
 10319 | D:10     | Noticed a two-headed ogre
 10320 | D:10     | Noticed a two-headed ogre
 10331 | D:10     | Killed a two-headed ogre
 10336 | D:10     | Slain by a two-headed ogre

Illustrated notes

Levels and vault maps discovered:
D:1:      lightli_iron_boxes, layout_loops_corners,
          shapermc_ecumenical_altar_totnotflames
D:2:      layout_loops_corners, minivault_24, minmay_heptomino_l4, uniq_sigmund
D:3:      corexii_shack_village, layout_rooms, lemuel_tele_altar,
          ebering_ghost_sewer_d, serial_shops, shop, nicolae_square_shop,
          nicolae_shop_trees, shop, shop
D:4:      black_bear_nest_1, layout_cave_pools, slow_altar_2,
          minmay_temple_entry_overgrown, uniq_robin, uniq_grinder, uniq_edmund
D:5:      layout_basic, mainiacjoe_overflow_divided_tiny,
          kennysheep_okawaru_gauntlet, st_stairs_4, uniq_eustachio
D:6:      layout_basic, lemuel_coloured_pillars_altar, serial_shops,
          nicolae_inconvenience_store, serial_curves, eino_curves_04,
          eino_curves_02, uniq_maggie
D:7:      layout_loops_ring, hex_tiny, uniq_pikel
D:8:      layout_basic, pdpol_temple_overflow_zin_treasury_gozag_greed,
          serial_shops, shop
D:9:      layout_basic, kennysheep_mini, nicolae_overflow_crystal_walls,
          serial_shops, shop, minmay_misc_feat_more_columns, uniq_harold
D:10:     layout_cave_pools, trog_three_pillars_becter,
          nicolae_ru_path_of_blood, orc_0_dummy

Skill      XL: |  1  2  3  4  5  6  7  8  9 10 11 |
---------------+----------------------------------+-----
Fighting       | 4 5 7 8 9 |  9.0
Axes           | 4 5 7 8 10 11 12 | 12.4
Armour         | 3 4 5 6 7 9 10 | 10.1
Dodging        | 3 4 5 6 |  6.4
Stealth        | 1 3 4 5 |  5.2
Slings         | 3 7 8 |  8.2

Action                   |  1- 3 |  4- 6 |  7- 9 | 10-12 || total
-------------------------+-------+-------+-------+-------++-------
Melee: Hand axe          |    85 |   157 |    77 |       ||   319
       Headbutt          |     8 |    26 |    42 |    33 ||   109
       Broad axe         |       |       |   101 |   132 ||   233
 Fire: Hunting sling     |       |       |    43 |   102 ||   145
Invok: Trog's Hand       |       |     3 |     7 |     6 ||    16
       Berserk           |       |       |     1 |       ||     1
  Use: Scroll            |     1 |     3 |     6 |     5 ||    15
       Potion            |       |       |       |     1 ||     1
 Stab: Sleeping          |     1 |       |       |       ||     1
Armor: Chain mail        |    41 |    16 |       |       ||    57
       Animal skin       |     5 |       |       |       ||     5
       Plate armour      |       |    62 |   119 |    93 ||   274
Dodge: Dodged            |    35 |    94 |   126 |   134 ||   389
